 Dungeon Crawl Stone Soup version 0.22.0-6-g71bd7aa (webtiles) character file.

646 sking99 the Insei (level 7, -8/43 HPs)
             Began as an Octopode Transmuter on Aug 14, 2018.
             Was a Follower of Hepliaklqana.
             Shot with an arrow by a centaur (10 damage)
             ... on level 5 of the Dungeon.
             The game lasted 00:11:49 (4664 turns).

sking99 the Insei (Octopode Transmuter)             Turns: 4664, Time: 00:11:50

Health: -8/43      AC:  2    Str: 10    XL:     7   Next: 52%
Magic:  8/10       EV: 20    Int: 21    God:    Hepliaklqana [*.....]
Gold:   214        SH:  0    Dex: 19    Spells: 4/10 levels left

rFire    . . .     SeeInvis .     - Unarmed
rCold    . . .     Gourm    +   (shield currently unavailable)
rNeg     . . .     Faith    .   (helmet currently unavailable)
rPois    .         Spirit   .   d - amulet of the gourmand
rElec    .         Reflect  .   i - +6 ring of intelligence
rCorr    .         Harm     .   (no ring)
MR       .....                  r - ring of poison resistance
Stlth    ++........             (no ring)
HPRegen  0.14/turn              (no ring)
MPRegen  0.12/turn              (no ring)
                                (no ring)
                                (no ring)

@: spider-form, drained
A: tiny, almost no armour, stealthy swim, (amphibious), 8 rings, (constrict 8),
reduced essence
a: End Transformation, Recall Ancestor, Ancestor Identity, Renounce Religion


You were on level 5 of the Dungeon.
You worshipped Hepliaklqana.
Hepliaklqana was aware of your devotion.
You were completely stuffed.
You were a venomous arachnid creature.
You visited 2 branches of the dungeon, and saw 6 of its levels.

You collected 214 gold pieces.

Inventory:

Missiles
 a - 78 arrows
Armour
 p - a +0 shield
Jewellery
 d - an amulet of the gourmand (around neck)
 i - a +6 ring of intelligence (left front leg)
 n - an uncursed ring of ice
 r - a ring of poison resistance (on tentacle)
Wands
 q - a wand of acid (5)
Scrolls
 b - a scroll of blinking {unknown}
 e - 2 scrolls of enchant armour {unknown}
 f - a scroll of amnesia {unknown}
 j - 3 scrolls of remove curse
 m - a scroll of enchant weapon
 s - a scroll of teleportation {unknown}
Potions
 g - a potion of invisibility {unknown}
 h - a potion of haste
 k - a potion of heal wounds {unknown}
 l - 2 potions of degeneration
 o - 3 potions of might
Comestibles
 c - 11 rations
 t - 4 chunks of flesh


   Skills:
 + Level 4.1(3.9) Fighting
 - Level 2.6(2.4) Dodging
 + Level 2.2(2.0) Shields
 + Level 5.1(4.9) Unarmed Combat
 - Level 2.0(1.7) Spellcasting
 - Level 4.0(3.8) Transmutations
 - Level 2.1(1.8) Poison Magic


You had 4 spell levels left.
You knew the following spells:

 Your Spells              Type           Power        Failure   Level  Hunger
a - Beastly Appendage     Tmut           ###...       11%         1    #......
b - Sticks to Snakes      Tmut           ###.....     14%         2    ###....
c - Spider Form           Tmut/Pois      ##........   32%         3    ###....

Your spell library contained the following spells:

 Spells                   Type           Power        Failure   Level  Hunger
 Lightning Bolt           Conj/Air       #.........   99%         5    ######.
 Shock                    Conj/Air       #...         34%         1    #......
 Swiftness                Chrm/Air       #.......     43%         2    ###....
 Blade Hands              Tmut           ###.......   83%         5    ######.
 Ice Form                 Ice/Tmut       #.......     77%         4    #####..
 Airstrike                Air            #.........   94%         4    #####..
 Static Discharge         Conj/Air       #.......     63%         3    ###....


Dungeon Overview and Level Annotations

Branches:
Dungeon (5/15)             Temple (1/1) D:4

Altars:
Ashenzari
Cheibriados
Dithmenos
Elyvilon
Fedhas
Gozag
Hepliaklqana
Kikubaaqudgha
Nemelex Xobeh
Okawaru
Qazlal
Ru
Trog
Uskayaw
Vehumet
Wu Jian
Xom
Yredelemnul
The Shining One

Annotations:
D:5 Daviar's ghost, novice OpFi


Innate Abilities, Weirdness & Mutations

You cannot wear most types of armour.
You are very stealthy in the water. (Stealth+)
((You are amphibious.))
You can wear up to eight rings at the same time.
((You can use your tentacles to constrict eight enemies at once.))
((Your skin changes colour to match your surroundings (Stealth+).))
((Your rubbery body absorbs attacks. (AC +1, EV +1)))
Your life essence is reduced to manifest your ancestor. (-10% HP)


Message History

You see here 3 arrows.
Okay, then.
Okay, then.
Okay, then.
The orc wizard closely misses you.
The orc wizard gestures wildly while chanting.
The orc wizard flickers and vanishes!
Deactivating autopickup; reactivate with Ctrl-A.
Ingiyab hits the orc wizard.
The orc wizard completely misses you.
The centaur shoots an arrow.
The arrow closely misses you.
A puff of flame appears from out of thin air!
The puff of flame hits Ingiyab.
Ingiyab resists.
As you read the scroll labeled IROSHE OFUIRGH, it crumbles to dust.
It is a scroll of enchant weapon.
You aren't carrying any weapons that can be enchanted.
The orc wizard mumbles some strange words.
The orc wizard blinks!
Ingiyab hits something.
The centaur shoots an arrow.
The arrow hits you!
You die...

##.......#### ########
#............ #########
#......# #..#.........
........# #.####.#
#..#.[<..#### #######.#
#.#..#.###...####..... #
#.####.#..#.#...........###
#
#......#..#.#.....####....
#
########..#(#####.#####.#.#
# #..s........#....#.# #
###§#.####...#.# ## # #
#(c............# ###
#c#R#.###..##..# ..#
#.#{..###..##..##.... ###
...............##....
.#.###.....[.#.###....
$o... ..###..#.#...(.. ..
... .##⌠##...#.#....


You could see the friendly Ingiyab the ancestor, 2 centaurs and an orc wizard.

Vanquished Creatures
  Purgy (D:3)
  An ogre (D:4)
  A centaur (D:5)
  A howler monkey (D:4)
  A jelly (D:4)
  An orc priest (D:2)
  An orc wizard (D:5)
  A worker ant zombie (D:5)
  3 gnolls (D:3)
  An adder (D:3)
  An ooze (D:1)
  2 worms
  3 dart slugs
  3 leopard geckos (D:1)
  8 orcs
  3 giant cockroaches
  10 goblins
  3 hobgoblins (D:1)
  3 jackals (D:4)
  A quokka (D:4)
  7 bats
  2 frilled lizards
  2 kobolds
  A leopard gecko skeleton (D:4)
  8 rats
69 creatures vanquished.

Vanquished Creatures (collateral kills)
  A scorpion (D:4)
  An orc wizard (D:4)
  Jessica (D:3)
  Ijyb (D:3)
  A worm (D:3)
  A leopard gecko (D:4)
  4 orcs
  A goblin (D:3)
  A jackal (D:4)
12 creatures vanquished.

Vanquished Creatures (others)
  An ancestor (D:3)
1 creature vanquished.

Grand Total: 82 creatures vanquished

Notes
Turn   | Place    | Note
-------+----------+-------------------------------------------
     0 | D:1      | sking99 the Octopode Transmuter began the quest for the Orb.
     0 | D:1      | Reached XP level 1. HP: 13/13 MP: 3/3
   172 | D:1      | Reached XP level 2. HP: 16/18 MP: 3/5
   193 | D:1      | Learned a level 2 spell: Sticks to Snakes
   744 | D:1      | Reached XP level 3. HP: 24/24 MP: 4/6
  1023 | D:2      | Learned a level 3 spell: Spider Form
  1552 | D:2      | Found a basalt altar of Yredelemnul.
  1552 | D:2      | Found a radiant altar of Vehumet.
  1647 | D:2      | Found a hazy altar of Hepliaklqana.
  2076 | D:2      | Became a worshipper of Hepliaklqana the Forgotten
  2272 | D:2      | Found an iron altar of Okawaru.
  2272 | D:2      | Found a snail-covered altar of Cheibriados.
  2359 | D:2      | Reached skill level 1 in Poison Magic
  2359 | D:2      | Reached XP level 4. HP: 13/26 MP: 5/7
  2787 | D:3      | Noticed Jessica
  2796 | D:3      | Killed Jessica
  2796 | D:3      | Reached XP level 5. HP: 19/31 MP: 3/8
  2918 | D:3      | Noticed Ijyb
  2935 | D:3      | Killed Ijyb
  2945 | D:3      | Reached skill level 4 in Unarmed Combat
  3187 | D:3      | Noticed Purgy
  3205 | D:3      | Killed Purgy
  3205 | D:3      | Reached XP level 6. HP: 21/37 MP: 2/9
  3410 | D:3      | Found an opulent altar of Gozag.
  3689 | D:4      | Reached skill level 1 in Shields
  3744 | D:4      | Reached XP level 7. HP: 29/42 MP: 5/10
  3859 | D:4      | Found a staircase to the Ecumenical Temple.
  3884 | Temple   | Entered the Ecumenical Temple
  3884 | Temple   | Reached * piety under Hepliaklqana
  4417 | D:5      | Entered Level 5 of the Dungeon
  4501 | D:5      | Reached skill level 5 in Unarmed Combat
  4556 | D:5      | Noticed Daviar's ghost (novice OpFi)
  4661 | D:5      | HP: 2/43 [centaur/arrow (15)]
  4664 | D:5      | Shot with an arrow by a centaur

Skill      XL: |  1  2  3  4  5  6  7 |
---------------+----------------------+-----
Fighting       | 2 3 4 |  4.1
Poison Magic   | 1 2 |  2.1
Unarmed Combat | 4 5 |  5.1
Transmutations | 3 4 |  4.0
Shields        | 1 2 |  2.2
Dodging        | |  2.6
Spellcasting   | |  2.0

Action                   |  1- 3 |  4- 6 |  7- 9 || total
-------------------------+-------+-------+-------++-------
Melee: Unarmed           |    77 |    70 |    40 ||   187
       Constrict         |    24 |    10 |     3 ||    37
       Kick              |     9 |     3 |       ||    12
       Tentacles         |    15 |    12 |     3 ||    30
       Punch             |     1 |     3 |       ||     4
 Cast: Beastly Appendage |    14 |     3 |       ||    17
       Sticks to Snakes  |       |     6 |       ||     6
       Spider Form       |       |     3 |     5 ||     8
Invok: Recall Ancestor   |       |       |     1 ||     1
  Use: Scroll            |       |     4 |     1 ||     5
 Stab: Sleeping          |    11 |     1 |       ||    12
  Eat: Chunk             |     4 |     5 |     9 ||    18
       Ration            |       |       |     1 ||     1
Armor: Skin              |     4 |     8 |       ||    12
Dodge: Dodged            |    42 |    62 |    22 ||   126
